 Dungeon Crawl Stone Soup version 0.31-a0-198-g2ad674f65e (webtiles) character file.

Game seed: 14324160973780105205

419 qw the Skirmisher (level 6, -6/34 HPs)
             Began as a Deep Elf Hunter on June 25, 2023.
             Mangled by Sigmund
             ... wielding a +0 scythe of protection
              (8 damage)
             ... on level 4 of the Dungeon.
             The game lasted 00:01:10 (2577 turns).

qw the Skirmisher (Deep Elf Hunter)                 Turns: 2577, Time: 00:01:11

Health: -6/34      AC:  7    Str: 10    XL:     6   Next: 62%
Magic:  8/8        EV: 11    Int: 14    God:
Gold:   140        SH:  0    Dex: 18    Spells: 5/5 levels left

rFire   . . .        Y - +0 shortbow
rCold   . . .        (shield currently unavailable)
rNeg    + . .        h - +0 ring mail
rPois   .            g - +0 helmet
rElec   .            (no cloak)
rCorr   .            (no gloves)
SInv    .            m - +0 pair of boots
Will    .....        (no amulet)
Stlth   +            d - ring of positive energy
HPRegen 0.25/turn    (no ring)
MPRegen 0.11/turn

%: no passive effects
@: no status effects
A: no striking features
a: no special abilities


You were on level 4 of the Dungeon.
You visited 1 branch of the dungeon, and saw 4 of its levels.

You collected 190 gold pieces.
You spent 50 gold pieces at shops.


   Skills:
 + Level 1.5 Fighting
 - Level 10.2 Ranged Weapons
 - Level 3.3 Dodging
 - Level 1.2 Stealth


You had 5 spell levels left.
You didn't know any spells.
Your spell library was empty.

Inventory:

Hand Weapons
 Y - a +0 shortbow (weapon)
Armour
 e - a +1 robe of fire resistance
 g - a +0 helmet (worn)
 h - a +0 ring mail (worn)
 m - a +0 pair of boots (worn)
Jewellery
 d - a ring of positive energy (left hand)
Scrolls
 a - a scroll of identify
 c - a scroll of teleportation
Potions
 b - a potion of curing
 f - a potion of brilliance {unknown}
 i - a potion of haste
 j - a potion of might
 k - a potion of heal wounds {unknown}
 l - a potion of lignification {unknown}

Dungeon Overview and Level Annotations

Branches:
Dungeon (4/15)
 Temple: D:4-7

Altars:
Uskayaw

Shops:
D:2 ?

Annotations:
D:1 1 transporter
D:4 Sigmund


Message History

Enter note:
Enter note:
Enter note:
Enter note:
Enter note:
2561 ||| STILL FLEEEEING.
You shoot an arrow. You shoot an arrow. You shoot an arrow. Something hits you!
You shoot an arrow.
A magic dart appears from out of thin air!
The magic dart hits you.
You shoot an arrow. Something hits you but does no damage.
You shoot an arrow. You shoot an arrow.
You hear some strange, mumbled words.
A puff of flame appears from out of thin air!
The puff of flame misses you.
You shoot an arrow. Something hits you but does no damage.
You shoot an arrow. Something hits you but does no damage.
You shoot an arrow.
You hear the hiss of a very distant avalanche of sand.
You shoot an arrow. Something hits you but does no damage.
You shoot an arrow. Something hits you but does no damage.
You shoot an arrow.
You hear some strange, mumbled words.
A puff of flame appears from out of thin air!
The puff of flame misses you.
You shoot an arrow. Something hits you.
You shoot an arrow. You shoot an arrow. Something hits you!
You die...

#### ##............/..........##.
##.........................#.
##............................
#.............................
#####............................
...............................#.
#######..........%............##.
##.....................###.
............@...........## #.
####.#.................## .
#..........{........#
#.#...............#.#####
#.####...........##.....# ...
.............######.#
#####.........# .
#####.....######..#
............{....#


There were no monsters in sight!

Vanquished Creatures
  Grinder (D:4)
  An orc priest (D:3)
  A hound (D:4)
  Jessica (D:3)
  A gnoll (D:1)
  5 adders
  2 dart slugs
  5 orcs
  5 ball pythons
  4 bats
  5 endoplasms
  3 giant cockroaches (D:1)
  6 goblins
  9 hobgoblins
  3 jackals (D:1)
  9 kobolds
  4 quokkas
  3 frilled lizards
  3 rats
71 creatures vanquished.

Notes
Turn   | Place    | Note
-------+----------+-------------------------------------------
     0 | D:1      | qw the Deep Elf Hunter began the quest for the Orb.
     0 | D:1      | Reached XP level 1. HP: 12/12 MP: 3/3
     0 | D:1      | 0 ||| qw: Version: 0.3-a-22-g0ed2b0b
     0 | D:1      | 0 ||| qw: Game counter: 4945
     0 | D:1      | 0 ||| qw: Melee chars always use a shield: true
     0 | D:1      | 0 ||| qw: God list: Okawaru
     0 | D:1      | 0 ||| qw: Allow faded altars: false
     0 | D:1      | 0 ||| qw: Do Orc after clearing Dungeon:15 true
     0 | D:1      | 0 ||| qw: Do second Lair branch before Depths: true
     0 | D:1      | 0 ||| qw: Lair rune preference: random
     0 | D:1      | 0 ||| qw: Goals: Normal
     0 | D:1      | 0 ||| PLANNING D:1-11
    65 | D:1      | Reached XP level 2. HP: 16/16 MP: 4/4
   104 | D:1      | Reached skill level 6 in Ranged Weapons
   172 | D:1      | Reached XP level 3. HP: 20/20 MP: 5/5
   462 | D:1      | Reached skill level 7 in Ranged Weapons
   802 | D:1      | 802 ||| UPGRADING to +1 robe of fire resistance.
   812 | D:1      | 812 ||| UPGRADING to +0 helmet.
   817 | D:1      | 817 ||| READING 2 scrolls labelled KOACUOM TAEBUTOMN.
   818 | D:1      | 818 ||| READING scroll labelled EBALEA XOCZA.
   819 | D:1      | 819 ||| READING scroll labelled JIOZIOPRY.
   824 | D:1      | 824 ||| DROPPING scroll of butterflies.
   926 | D:2      | 926 ||| FLEEEEING.
   927 | D:2      | 927 ||| FLEEEEING.
   931 | D:2      | 931 ||| FLEEEEING.
   932 | D:2      | 932 ||| FLEEEEING.
   959 | D:2      | 959 ||| FLEEEEING.
  1130 | D:2      | Reached XP level 4. HP: 25/25 MP: 6/6
  1225 | D:2      | Found Fuvafos's Magic Scroll Emporium.
  1233 | D:2      | 1233 ||| SHOPLISTING scroll of acquirement (520 gold, have
                  | 95).
  1233 | D:2      | 1233 ||| BUYING scroll of identify (20 gold).
  1233 | D:2      | Bought a scroll of identify for 20 gold pieces
  1233 | D:2      | 1233 ||| BUYING scroll of teleportation (30 gold).
  1233 | D:2      | Bought a scroll of teleportation for 30 gold pieces
  1556 | D:2      | 1556 ||| UPGRADING to ring of positive energy.
  1557 | D:2      | 1557 ||| DROPPING +6 ring of intelligence.
  1558 | D:2      | 1558 ||| READING scroll labelled DUKOFAY NUKACS.
  1559 | D:2      | 1559 ||| READING 2 scrolls of identify.
  1559 | D:2      | 1559 ||| IDENTIFYING bubbling clear potion
  1606 | D:3      | Noticed Jessica
  1606 | D:3      | Found Ytzehin's Vocational Training.
  1609 | D:3      | Killed Jessica
  1610 | D:3      | Reached skill level 8 in Ranged Weapons
  1612 | D:3      | 1612 ||| STAIRDANCE
  1649 | D:3      | Reached skill level 3 in Dodging
  1649 | D:3      | Reached XP level 5. HP: 18/29 MP: 7/7
  1650 | D:3      | 1650 ||| FLEEEEING.
  1651 | D:3      | 1651 ||| FLEEEEING.
  1652 | D:3      | 1652 ||| FLEEEEING.
  1653 | D:3      | 1653 ||| FLEEEEING.
  1654 | D:3      | 1654 ||| FLEEEEING.
  1655 | D:3      | 1655 ||| FLEEEEING.
  1656 | D:3      | 1656 ||| STAIRDANCE
  1711 | D:3      | 1711 ||| STAIRDANCE
  1715 | D:2      | HP: 7/29 [orc/+0 morningstar (11)]
  1716 | D:2      | 1716 ||| READING 2 scrolls of teleportation.
  1717 | D:2      | HP: 2/29 [orc/+0 morningstar (6)]
  1923 | D:3      | HP: 7/29 [poisoned by an adder]
  1924 | D:3      | 1924 ||| READING scroll of teleportation.
  2282 | D:3      | Found a hide-covered altar of Uskayaw.
  2291 | D:3      | 2291 ||| DROPPING +0 leather armour.
  2292 | D:3      | 2292 ||| UPGRADING to +0 ring mail.
  2302 | D:3      | 2302 ||| UPGRADING to +0 pair of boots.
  2307 | D:3      | 2307 ||| READING scroll labelled FYDAOFYISA.
  2308 | D:3      | 2308 ||| READING 3 scrolls of identify.
  2308 | D:3      | 2308 ||| IDENTIFYING inky potion
  2309 | D:3      | 2309 ||| READING 2 scrolls of identify.
  2309 | D:3      | 2309 ||| IDENTIFYING metallic clear potion
  2325 | D:4      | 2325 ||| PLANNING OSSUARY
  2415 | D:4      | Noticed Grinder
  2419 | D:4      | Paralysed by Grinder for 4 turns
  2428 | D:4      | Paralysed by Grinder for 4 turns
  2435 | D:4      | Killed Grinder
  2436 | D:4      | Reached skill level 10 in Ranged Weapons
  2436 | D:4      | Reached XP level 6. HP: 22/34 MP: 8/8
  2541 | D:4      | Noticed Sigmund
  2552 | D:4      | 2552 ||| FLEEEEING.
  2565 | D:4      | HP: 5/34 [something/magic dart (6)]
  2575 | D:4      | HP: 1/34 [something (6)]
  2577 | D:4      | Mangled by Sigmund

Levels and vault maps discovered:
D:1:      spicycebolla_arrival_risky_transporter, layout_basic, minmay_tall_x
D:2:      layout_loops_cross, serial_shops, shop, minmay_tetromino_t2
D:3:      layout_rooms, nicolae_uskayaw_suspiria, nicolae_shop_vocational,
          uniq_jessica
D:4:      gammafunk_cloud_chamber, layout_basic, nicolae_ossuary_entry_ruins,
          uniq_sigmund, uniq_grinder

Skill      XL: |  1  2  3  4  5 |
---------------+----------------+-----
Ranged Weapons | 6 7 8 10 | 10.2
Dodging        | 3 |  3.3
Fighting       | |  1.5
Stealth        | |  1.2

Action                     |  1- 3 |  4- 6 || total
---------------------------+-------+-------++-------
   Fire: Shortbow          |   113 |   142 ||   255
    Use: Scroll            |     3 |     7 ||    10
 Armour: Leather armour    |     7 |       ||     7
         Robe              |     7 |    13 ||    20
         Ring mail         |       |     8 ||     8
  Dodge: Dodged            |    26 |    47 ||    73

Table legend:
 A = Non-vault XP
 B = Vault XP
 C = Vault XP percentage of total XP
 D = Non-vault monster count
 E = Vault monster count
 F = Vault count percentage of total count
                 A         B        C        D         E       F
            +---------+---------+-------+---------+---------+-------
      Total |     253 |     346 |  57.8 |      63 |       8 |  11.3
            +---------+---------+-------+---------+---------+-------
        D:1 |      55 |      20 |  26.7 |      31 |       4 |  11.4
        D:2 |      49 |       3 |   5.8 |      13 |       2 |  13.3
        D:3 |     100 |      37 |  27.0 |      13 |       1 |   7.1
        D:4 |      49 |     286 |  85.4 |       6 |       1 |  14.3
            +---------+---------+-------+---------+---------+-------
